 Dungeon Crawl Stone Soup version 0.25-a0-42-g6c54e25894 (webtiles) character file.

Game seed: 12052821471961444868, levelgen mode: deterministic

2393 Napalmbreeze the Skirmisher (level 9, -4/86 HPs)
             Began as a Deep Dwarf Gladiator on Oct 22, 2019.
             Was an Initiate of Makhleb.
             Slain by a two-headed ogre
             ... wielding a cursed -3 giant spiked club
              (15 damage)
             ... on level 8 of the Dungeon.
             The game lasted 00:24:25 (7484 turns).

Napalmbreeze the Skirmisher (Deep Dwarf Gladiator)  Turns: 7484, Time: 00:24:27

Health: -4/86      AC: 13    Str: 21    XL:     9   Next: 22%
Magic:  5/5        EV: 14    Int: 12    God:    Makhleb [......]
Gold:   404        SH:  0    Dex: 14    Spells: 10/10 levels left

rFire    + . .     SeeInvis .   a - +0 war axe
rCold    + + .     Gourm    .   (no shield)
rNeg     . . .     Faith    .   t - +2 ring mail {rC+}
rPois    .         Spirit   .   c - +1 helmet
rElec    .         Reflect  .   v - scarf {rC+ rF+}
rCorr    .         Harm     .   G - +0 pair of gloves
MR       +....                  i - +0 pair of boots
Stlth    +.........             (no amulet)
HPRegen  0.00/turn              k - +2 ring of evasion
MPRegen  0.09/turn              p - +3 ring of intelligence

@: non-regenerating
A: damage resistance, heal wounds, sense surroundings 2, no regeneration
a: Heal Wounds, Renounce Religion


You were on level 8 of the Dungeon.
You worshipped Makhleb.
Makhleb was noncommittal.
You were not hungry.

You visited 2 branches of the dungeon, and saw 9 of its levels.

You collected 464 gold pieces.
You spent 60 gold pieces at shops.

Inventory:

Hand Weapons
 a - a +0 war axe (weapon)
 F - a +2 flail of crushing
Missiles
 d - a throwing net
 h - 9 boomerangs
 u - 2 javelins (quivered)
Armour
 c - a +1 helmet (worn)
 i - a +0 pair of boots (worn)
 t - a +2 ring mail of cold resistance (worn)
 v - a scarf of resistance (worn)
 D - a +0 chain mail
 G - a +0 pair of gloves (worn)
Jewellery
 k - a +2 ring of evasion (left hand)
 p - a +3 ring of intelligence (right hand)
Wands
 b - a wand of flame (34)
 l - a wand of random effects (16)
 C - a wand of scattershot (5)
Scrolls
 e - 3 scrolls of remove curse
 j - 4 scrolls of enchant weapon
 m - 6 scrolls of amnesia
 o - 6 scrolls of identify
 s - a scroll of fog
 w - 4 scrolls of teleportation
 x - a scroll of enchant armour
Potions
 g - a potion of agility
 n - a potion of might {unknown}
 q - 2 potions of berserk rage {unknown}
 r - 4 potions of curing
 z - 2 potions of magic
 A - 2 potions of ambrosia
 B - a potion of cancellation {unknown}
Comestibles
 f - 13 rations
 E - a chunk of flesh


   Skills:
 * Level 7.4 Fighting
 + Level 6.9 Axes
 + Level 4.8 Throwing
 + Level 5.7 Armour
 - Level 3.2 Dodging
 + Level 1.1 Spellcasting
 + Level 2.4 Invocations


You had 10 spell levels left.
You didn't know any spells.
Your spell library contained the following spells:

 Spells                   Type           Power        Failure   Level  Hunger
 Beastly Appendage        Tmut           #.....       43%         1    ##.....
 Corona                   Hex            #......      43%         1    ##.....
 Ensorcelled Hibernation  Hex/Ice        #.....       56%         2    ###....
 Sticks to Snakes         Tmut           #.......     56%         2    ###....
 Confuse                  Hex            #.......     80%         3    ####...
 Dazzling Spray           Conj/Hex       #.....       80%         3    ####...
 Spider Form              Tmut/Pois      #.........   80%         3    ####...
 Tukima's Dance           Hex            #.......     80%         3    ####...
 Ice Form                 Ice/Tmut       #.......     99%         4    #####..
 Blade Hands              Tmut           #.........   100%        5    ######.


Dungeon Overview and Level Annotations

Branches:
Dungeon (8/15)             Temple (1/1) D:6
   Lair: D:8-11

Altars:
Ashenzari
Cheibriados
Dithmenos
Elyvilon
Fedhas
Hepliaklqana
Kikubaaqudgha
Makhleb
Nemelex Xobeh
Qazlal
Ru
Sif Muna
Trog
Uskayaw
Vehumet
Wu Jian
Xom
Yredelemnul
The Shining One

Shops:
D:4 =?%:


Innate Abilities, Weirdness & Mutations

You are resistant to damage.
You can heal yourself by infusing magical energy.
You passively map the area around you.
You do not regenerate.


Message History

The two-headed ogre seems to speed up.
The two-headed ogre hits you with a cursed -3 giant spiked club!
* * * LOW HITPOINT WARNING * * *
The two-headed ogre hits you with a +0 giant club!
* * * LOW HITPOINT WARNING * * *
Okay, then.
Unknown command.
Okay, then.
Unknown command.
Evoke which item? (* to show all) (? for menu, Esc to quit)
Aiming: Scattershot
Press: ? - help, Shift-Dir - straight line, f/p - two-headed ogre
Aim: a two-headed ogre, wielding a -3 giant spiked club and a +0 giant club (heavily wounded, fast)
The burst of metal fragments hits the two-headed ogre.
The burst of metal fragments hits the two-headed ogre!
The burst of metal fragments hits the two-headed ogre but does no damage.
The burst of metal fragments hits the two-headed ogre.
The two-headed ogre is almost dead.
The two-headed ogre hits you with a cursed -3 giant spiked club!
You die...

#. #######...O..# ##.#.###
####. #.....(######## #....#
*
.....##.####..........#..%..
#.....##.####..##.#....##*
#.#.#..[........#. >####
#.#.####.##....... ..#
#.#.####.##.#..##. #.#
#.#...$..##.#..##.##.###
#.######...O@..........#
#....# ####.######<#.#.#
####.# *..... #...#.#
######.# #.....# #.###.#
#......# #.....# #=....##
#.####.# #.....# #......#
#.####.# #.$...# #.####.#
#.#....# ####### #.####.#
#.#.##.# #...##.#


You could see a two-headed ogre.

Vanquished Creatures
  Sigmund (D:3)
  A hornet zombie (D:6)
  An orc warrior (D:7)
  4 ogres
  A wolf (D:7)
  4 centaurs
  Blork the orc (D:5)
  A bullfrog (D:6)
  4 scorpions
  4 killer bees (D:7)
  A crimson imp (D:7)
  A centaur zombie (D:5)
  A centaur skeleton (D:4)
  A hound (D:6)
  A jelly (D:7)
  A bullfrog skeleton (D:6)
  An orc priest (D:7)
  4 orc wizards
  An iguana (D:4)
  3 worker ants
  Natasha (thrice) (D:3)
  A hound zombie (D:5)
  7 gnolls
  6 adders
  A shadow imp (D:7)
  2 oozes
  An adder zombie (D:6)
  5 worms
  3 dart slugs
  3 leopard geckos
  28 orcs
  4 ball pythons
  5 bats
  9 giant cockroaches
  10 goblins
  6 hobgoblins
  9 kobolds
  4 quokkas
  6 frilled lizards
  A quokka skeleton (D:7)
  9 rats
160 creatures vanquished.

Vanquished Creatures (others)
  An orc (D:7)
  6 toadstools (D:4)
7 creatures vanquished.

Grand Total: 167 creatures vanquished

Notes
Turn   | Place    | Note
-------+----------+-------------------------------------------
     0 | D:1      | Napalmbreeze the Deep Dwarf Gladiator began the quest for
                  | the Orb.
     0 | D:1      | Reached XP level 1. HP: 19/19 MP: 1/1
   145 | D:1      | Reached skill level 2 in Fighting
   222 | D:1      | Reached XP level 2. HP: 20/26 MP: 2/2
   428 | D:1      | Reached skill level 1 in Armour
   570 | D:1      | Reached XP level 3. HP: 16/33 MP: 3/3
  1135 | D:2      | Reached skill level 3 in Fighting
  1225 | D:2      | Reached XP level 4. HP: 40/42 MP: 4/4
  1351 | D:2      | Found a glowing golden altar of the Shining One.
  2050 | D:3      | Noticed Natasha
  2060 | D:3      | Killed Natasha
  2060 | D:3      | Reached XP level 5. HP: 28/50 MP: 5/5
  2130 | D:3      | Noticed Natasha
  2135 | D:3      | Killed Natasha
  2135 | D:3      | Reached skill level 4 in Fighting
  2164 | D:3      | Found an ancient bone altar of Kikubaaqudgha.
  2384 | D:3      | Noticed Sigmund
  2534 | D:3      | Noticed Natasha
  2545 | D:3      | Killed Natasha
  2545 | D:3      | Reached XP level 6. HP: 39/57 MP: 6/6
  2579 | D:3      | Killed Sigmund
  2637 | D:3      | Reached skill level 5 in Axes
  3087 | D:4      | Found Orimih's Food Emporium.
  3217 | D:4      | Reached XP level 7. HP: 39/66 MP: 7/7
  3413 | D:4      | Found Xanaicat's Magic Scroll Shoppe.
  3418 | D:4      | Bought a scroll of teleportation for 36 gold pieces
  3418 | D:4      | Bought a scroll of identify for 24 gold pieces
  3424 | D:4      | Found Anecyu's Jewellery Emporium.
  3600 | D:4      | Reached skill level 5 in Fighting
  3757 | D:4      | Found Facuclewk's Book Boutique.
  4091 | D:5      | Entered Level 5 of the Dungeon
  4195 | D:5      | Found an ornate altar of the Wu Jian Council.
  4333 | D:5      | Noticed Blork the orc
  4339 | D:5      | Killed Blork the orc
  4364 | D:5      | Found a basalt altar of Yredelemnul.
  4596 | D:5      | Reached XP level 8. HP: 41/76 MP: 5/5
  4890 | D:6      | Reached skill level 6 in Fighting
  5156 | D:6      | Found a bloodstained altar of Trog.
  5214 | D:6      | Found a shimmering altar of Xom.
  5373 | D:6      | Reached skill level 5 in Armour
  5546 | D:6      | Found an ornate altar of the Wu Jian Council.
  5617 | D:6      | Found a staircase to the Ecumenical Temple.
  5727 | Temple   | Entered the Ecumenical Temple
  5823 | Temple   | Became a worshipper of Makhleb the Destroyer
  6157 | D:7      | Reached skill level 7 in Fighting
  6157 | D:7      | Reached skill level 1 in Invocations
  6301 | D:7      | Found a shattered altar of Ashenzari.
  6302 | D:7      | Found a radiant altar of Vehumet.
  6374 | D:7      | Gained mutation: You passively map the area around you.
                  | [Deep Dwarf growth]
  6374 | D:7      | Reached XP level 9. HP: 52/86 MP: 5/5
  6438 | D:7      | Found a white marble altar of Elyvilon.
  6699 | D:7      | Reached skill level 1 in Spellcasting
  7456 | D:8      | Noticed a two-headed ogre
  7484 | D:8      | Slain by a two-headed ogre

Levels and vault maps discovered:
D:1:      tarquinn_simple_flora_water_c, layout_loops_ring
D:2:      layout_basic, tso_oasis_becter, patterned_corridor
D:3:      kennysheep_the_goblin_king, layout_basic, old_standard_altar,
          uniq_natasha, uniq_sigmund
D:4:      layout_basic, serial_shops, shop_fountains, shop, shop,
          nicolae_shop_stone, first_ration, minmay_gold_behind_fungi
D:5:      layout_cave_pools, yredelemnul_altar_generic, lemuel_tele_altar,
          uniq_blork_the_orc
D:6:      layout_layer_cave, kennysheep_little_box, brannock_xom_greatest_gift,
          bloody_trog, minmay_temple_entry_poolview
D:7:      layout_basic, kennysheep_mini_moat, gammafunk_temple_overflow_pools
D:8:      layout_loops_cross, blue_anna_alchemist [blue_anna_fruit_fields,
          blue_anna_fruit_fields], uniq_grum
Temple:   oiseaux_autumnal_temple

Skill      XL: |  1  2  3  4  5  6  7  8  9 |
---------------+----------------------------+-----
Fighting       | 2 3 4 5 7 |  7.4
Armour         | 1 2 3 4 5 |  5.7
Axes           | 4 5 6 |  6.9
Throwing       | 2 3 4 |  4.8
Invocations    | 1 2 |  2.4
Spellcasting   | 1 |  1.1
Dodging        | |  3.2

Action                   |  1- 3 |  4- 6 |  7- 9 || total
-------------------------+-------+-------+-------++-------
Melee: War axe           |   108 |   138 |   238 ||   484
Throw: Javelin           |     4 |    40 |    20 ||    64
       Throwing net      |       |     2 |     1 ||     3
       Boomerang         |       |       |     5 ||     5
 Abil: Heal Wounds       |     1 |     2 |     9 ||    12
Evoke: Wand              |       |       |    19 ||    19
  Use: Scroll            |       |     1 |    11 ||    12
       Potion            |       |       |     2 ||     2
 Stab: Held in net/web   |       |     1 |       ||     1
  Eat: Chunk             |     1 |     6 |     8 ||    15
       Ration            |       |       |     2 ||     2
Armor: Leather armour    |    11 |       |       ||    11
       Ring mail         |    19 |    51 |    85 ||   155
Dodge: Dodged            |    71 |   110 |   187 ||   368

Table legend:
 A = Non-vault XP
 B = Vault XP
 C = Vault XP percentage of total XP
 D = Non-vault monster count
 E = Vault monster count
 F = Vault count percentage of total count
                 A         B        C        D         E       F
            +---------+---------+-------+---------+---------+-------
      Total |    2911 |     508 |  14.9 |     149 |      11 |   6.9
            +---------+---------+-------+---------+---------+-------
        D:1 |      43 |       0 |   0.0 |      23 |       0 |   0.0
        D:2 |     137 |       0 |   0.0 |      25 |       0 |   0.0
        D:3 |     234 |     290 |  55.3 |      34 |       9 |  20.9
        D:4 |     344 |       0 |   0.0 |       8 |       0 |   0.0
        D:5 |     468 |      99 |  17.5 |      21 |       1 |   4.5
        D:6 |     846 |       0 |   0.0 |      19 |       0 |   0.0
        D:7 |     839 |     119 |  12.4 |      19 |       1 |   5.0
            +---------+---------+-------+---------+---------+-------
